 Dungeon Crawl Stone Soup version 0.20.0-15-g7f486f2 (webtiles) character file.

107 greprep the Magician (level 4, -2/24 HPs)
             Began as a Deep Elf Fire Elementalist on June 23, 2017.
             Slain by a black bear (4 damage)
             ... on level 2 of the Dungeon.
             The game lasted 00:05:07 (3320 turns).

greprep the Magician (Deep Elf Fire Elementalist)   Turns: 3320, Time: 00:05:08

Health: -2/24      AC:  2    Str:  5    XL:     4   Next: 56%
Magic:  8/12       EV: 13    Int: 21    God:
Gold:   106        SH:  0    Dex: 15    Spells: 10/11 levels left

rFire    . . .     SeeInvis .   e - +0 short sword (curse)
rCold    . . .     Gourm    .   (no shield)
rNeg     . . .     Faith    .   a - +0 robe
rPois    .         Spirit   .   (no helmet)
rElec    .         Reflect  .   (no cloak)
rCorr    .         Harm     .   (no gloves)
MR       .....                  (no boots)
Stlth    ++........             (no amulet)
Regen    0.1/turn               (no ring)
MPRegen  0.2/turn               (no ring)

@: no status effects
A: no striking features
a: no special abilities


You were on level 2 of the Dungeon.
You were not hungry.

You visited 1 branch of the dungeon, and saw 2 of its levels.

You collected 106 gold pieces.

Inventory:

Hand Weapons
 e - a cursed +0 short sword (weapon)
 i - a +1 short sword of protection
Armour
 a - a +0 robe (worn)
Scrolls
 d - a scroll of recharging
 h - a scroll of enchant armour {unknown}
 l - a scroll of identify
Potions
 f - a potion of heal wounds
 j - a potion of might {unknown}
 k - a potion of resistance {unknown}
 n - a potion of berserk rage {unknown}
Books
 b - a book of Flames

   Spells                             Type                      Level
   a - Flame Tongue                   Conjuration/Fire             1
   b - Throw Flame                    Conjuration/Fire             2
   c - Conjure Flame                  Conjuration/Fire             3
   d - Inner Flame                    Hexes/Fire                   3
   e - Sticky Flame                   Conjuration/Fire             4
   f - Fireball                       Conjuration/Fire             5
Comestibles
 c - a bread ration
 g - a meat ration
 m - a fruit


   Skills:
 + Level 0.4 Fighting
 + Level 1.0 Short Blades
 + Level 2.7 Dodging
 + Level 2.6 Stealth
 + Level 0.1 Unarmed Combat
 + Level 4.4 Spellcasting
 + Level 2.0 Conjurations
 + Level 4.1 Fire Magic


You had 10 spell levels left.
You knew the following spells:

 Your Spells              Type           Power        Failure   Level  Hunger
a - Flame Tongue          Conj/Fire      ###..        3%          1    None


Dungeon Overview and Level Annotations

Branches:
Dungeon (2/15)

Altars:
Zin

Shops:
D:2 *


Message History

There is a stone staircase leading down here.
Casting: Flame Tongue
Confirm with . or Enter, or press ? or * to list all spells.
Aiming: Flame Tongue
Press: ? - help, Shift-Dir - straight line, f/p - black bear
Aim: a black bear (severely wounded)
The flame tongue hits the black bear.
The black bear is almost dead.
The black bear goes berserk!
Casting: Flame Tongue
Confirm with . or Enter, or press ? or * to list all spells.
Aiming: Flame Tongue
Press: ? - help, Shift-Dir - straight line, f/p - black bear
Aim: a black bear (almost dead, berserk, fast, unusually strong)
The flame tongue hits the black bear.
The black bear is almost dead.
The black bear bites you!
* * * LOW HITPOINT WARNING * * *
The black bear misses you. The black bear claws you.
You die...

.###.'..#.†#...# #).'.(##
.###.##.#.[#...# #.##.(#
......###(.#...# ###...#
.####...####.Kg####(....#
.# ###....##'##.......##
.# #.##....K..#....## ##
##.###.#...#####.# #
##...#.###K#### #.# #
##.....## ##h@.# #.# #
#..#....###.##.# #.#
####........#..##.# #.#
.......(.....#....# #.#
####..#.....#..##.# #.#
#..........###.###.#
#..#...##..........#
####....#.#######.#####
..........# #.#


You could see a black bear (berserk) and a kobold.

Vanquished Creatures
  4 adders (D:2)
  A worm (D:2)
  2 dart slugs
  5 bats (D:2)
  A giant cockroach (D:2)
  5 goblins
  5 hobgoblins
  16 jackals
  8 kobolds
  A ball python (D:1)
  2 frilled lizards (D:2)
  9 rats
59 creatures vanquished.

Vanquished Creatures (others)
  A leopard gecko (D:1)
  2 bats (D:1)
  3 kobolds (D:1)
  A rat (D:1)
7 creatures vanquished.

Grand Total: 66 creatures vanquished

Notes
Turn   | Place    | Note
-------+----------+-------------------------------------------
     0 | D:1      | greprep the Deep Elf Fire Elementalist began the quest for the Orb.
     0 | D:1      | Reached XP level 1. HP: 10/10 MP: 6/6
   690 | D:1      | Reached XP level 2. HP: 14/15 MP: 6/8
  1308 | D:1      | Reached XP level 3. HP: 15/19 MP: 3/10
  2596 | D:2      | Found Zin's Purification Station.
  2600 | D:2      | Found a glowing silver altar of Zin.
  2640 | D:2      | Reached XP level 4. HP: 16/24 MP: 4/12
  2946 | D:2      | Reached skill level 1 in Short Blades
  3308 | D:2      | Noticed a black bear
  3320 | D:2      | Slain by a black bear

Skill      XL: |  1  2  3  4 |
---------------+-------------+-----
Fire Magic     | 4 |  4.1
Spellcasting   | 4 |  4.4
Short Blades   | 1 |  1.0
Conjurations   | 2 |  2.0
Fighting       | |  0.4
Dodging        | |  2.7
Stealth        | |  2.6
Unarmed Combat | |  0.1

Action                   |  1- 3 |  4- 6 || total
-------------------------+-------+-------++-------
Melee: Short sword       |    37 |    35 ||    72
       Unarmed           |     8 |       ||     8
 Cast: Flame Tongue      |    67 |    19 ||    86
  Use: Scroll            |     2 |       ||     2
 Stab: Sleeping          |     4 |     1 ||     5
  Eat: Chunk             |     5 |     2 ||     7
Armor: Robe              |     7 |    15 ||    22
Dodge: Dodged            |    40 |    44 ||    84
